 Dungeon Crawl Stone Soup version 0.31.0 (webtiles) character file.

Game seed: 2553165837436069405

56 qw the Shooter (level 3, -10/23 HPs)
             Began as a Gargoyle Hunter on Jan 20, 2024.
             Killed from afar by Sigmund (11 damage)
             ... with a magic dart
             ... on level 2 of the Dungeon.
             The game lasted 00:00:03 (1080 turns).

qw the Shooter (Gargoyle Hunter)                    Turns: 1080, Time: 00:00:04

Health: -10/23     AC:  7    Str: 14    XL:     3   Next: 95%
Magic:  3/3        EV: 11    Int:  9    God:
Gold:   93         SH:  0    Dex: 15    Spells: 2/2 levels left

rFire   . . .        a - +0 shortbow
rCold   . . .        (shield currently unavailable)
rNeg    + + .        c - +0 leather armour
rPois   inf          (no helmet)
rElec   +            (no cloak)
rCorr   .            j - +0 pair of gloves
SInv    .            (no boots)
Will    .....        (no amulet)
Stlth   ++           f - ring of positive energy
HPRegen 0.23/turn    (no ring)
MPRegen 0.08/turn

%: no passive effects
@: no status effects
A: sickness immunity, AC +3, negative energy resistance 1, electricity
resistance, torment resistance 1, petrification resistance
a: no special abilities


You were on level 2 of the Dungeon.
You visited 1 branch of the dungeon, and saw 2 of its levels.

You collected 93 gold pieces.


Innate Abilities, Weirdness & Mutations

You are immune to sickness and miasma.
Your stone body is resilient. (AC +3)
You are immune to poison.
You resist negative energy. (rN+)
You are resistant to electric shocks. (rElec)
You are resistant to unholy torment.
You are immune to petrification.


   Skills:
 - Level 3.1 Fighting
 + Level 5.0 Ranged Weapons
 - Level 1.5 Dodging
 - Level 1.1 Stealth


You had 2 spell levels left.
You didn't know any spells.
Your spell library was empty.

Inventory:

Hand Weapons
 a - a +0 shortbow (weapon)
Armour
 c - a +0 leather armour (worn)
 j - a +0 pair of gloves (worn)
Jewellery
 f - a ring of positive energy (left hand)
Potions
 i - a potion of resistance

Dungeon Overview and Level Annotations

Branches:
Dungeon (2/15)

Altars:

Annotations:
D:2 Sigmund


Message History

The rat bites you but does no damage.
You shoot an arrow. The arrow hits the rat!
You kill the rat!
You start resting.
HP restored.
Found a stone staircase leading down.
Enter note: Sigmund the Dreaded comes into view.
He is wielding a +3 scythe of flaming.
Found a scroll labelled YFUNUM KEVVEOT.
Found a stone staircase leading up.
Sigmund shouts!
You hear an angry hiss.
A quokka comes into view.
Enter note: You shoot an arrow.
The arrow closely misses Sigmund.
You shoot an arrow.
The arrow hits Sigmund but does no damage.
You shoot an arrow. The arrow closely misses Sigmund.
Sigmund hits you from afar with a +3 scythe of flaming!
Sigmund burns you.
A ball python comes into view.
You shoot an arrow. The arrow hits Sigmund.
Sigmund is lightly wounded.
You shoot an arrow. The arrow barely misses Sigmund.
The quokka twitches its whiskers.
Sigmund hits you from afar with a +3 scythe of flaming.
Sigmund burns you.
You shoot an arrow. The arrow hits Sigmund.
Sigmund is lightly wounded.
Sigmund hits you from afar with a +3 scythe of flaming.
Sigmund burns you.
You shoot an arrow.
The arrow hits Sigmund but does no damage.
Sigmund is lightly wounded.
Sigmund casts a spell at you. The puff of flame hits you.
You shoot an arrow. The arrow hits Sigmund.
Sigmund is moderately wounded.
Sigmund points at you and mumbles some strange words.
The magic dart hits you!
You die...
Sigmund begins carving another notch in his scythe.

##.# ####...... ##.#. .
#...?#.... ##.#.# .<
........# ##.#.## ...
...#.#.# ##.#.##. ....
.r#.#.# ##.#.##.#
.....#@#.#.# ##.#.##.#.
.....S.#.#.# #.#.##.#.#
...#>@.#.### #.##.#.##
.............##.#.##.#..
.............###.#.##.#.
...............##.#.##.#
...............###.#.##.
.####............##.#.##
...........#...##.#.#
##...#.#.#.......##.#.
.................##.#


You could see Sigmund, a quokka and a ball python.

Vanquished Creatures
  A gnoll (D:1)
  An adder (D:2)
  2 ball pythons
  2 endoplasms (D:1)
  2 giant cockroaches (D:1)
  2 goblins
  5 hobgoblins
  6 jackals (D:1)
  4 kobolds
  A quokka (D:2)
  2 bats (D:1)
  A frilled lizard (D:2)
  3 rats
32 creatures vanquished.

Notes
Turn   | Place    | Note
-------+----------+-------------------------------------------
     0 | D:1      | qw the Gargoyle Hunter began the quest for the Orb.
     0 | D:1      | Reached XP level 1. HP: 12/12 MP: 1/1
     0 | D:1      | 0 ||| qw: Version: 0.3-a-132-g3d54051
     0 | D:1      | 0 ||| qw: Game counter: 558
     0 | D:1      | 0 ||| qw: Melee chars always use a shield: true
     0 | D:1      | 0 ||| qw: God list: Okawaru
     0 | D:1      | 0 ||| qw: Allow faded altars: false
     0 | D:1      | 0 ||| qw: Do Orc after clearing Dungeon:15 true
     0 | D:1      | 0 ||| qw: Do second Lair branch before Depths: true
     0 | D:1      | 0 ||| qw: Lair rune preference: random
     0 | D:1      | 0 ||| qw: Goals: Normal
     0 | D:1      | 0 ||| PLANNING D:1-11
    80 | D:1      | Reached XP level 2. HP: 17/17 MP: 2/2
   262 | D:1      | You fall into a shaft and drop 1 floor!
   276 | D:2      | Found a faded altar of an unknown god.
   423 | D:2      | 423 ||| FLEEEEING.
   424 | D:2      | 424 ||| FLEEEEING.
   428 | D:2      | 428 ||| FLEEEEING.
   429 | D:2      | 429 ||| FLEEEEING.
   430 | D:2      | 430 ||| STAIRDANCE
   494 | D:1      | Reached XP level 3. HP: 18/21 MP: 3/3
   500 | D:1      | Reached skill level 5 in Ranged Weapons
   927 | D:1      | 927 ||| UPGRADING to +0 pair of gloves.
   932 | D:1      | 932 ||| UPGRADING to ring of positive energy.
   933 | D:1      | 933 ||| READING scroll labelled TOC ETOIHI.
   934 | D:1      | 934 ||| READING 2 scrolls labelled PIR MUBIPEI.
   934 | D:1      | 934 ||| IDENTIFYING murky amethyst potion
   935 | D:1      | 935 ||| READING scroll of identify.
   935 | D:1      | 935 ||| IDENTIFYING amethyst potion
   936 | D:1      | 936 ||| READING scroll labelled QURA MELOQ.
   937 | D:1      | 937 ||| READING scroll labelled FOAT BYTZURHUE.
   938 | D:1      | 938 ||| DROPPING scroll of butterflies.
   939 | D:1      | 939 ||| DROPPING potion of invisibility.
  1001 | D:2      | Reached skill level 3 in Fighting
  1001 | D:2      | 1001 ||| STAIRDANCE
  1072 | D:2      | Noticed Sigmund
  1079 | D:2      | HP: 1/23 [Sigmund/puff of flame (5)]
  1080 | D:2      | Killed from afar by Sigmund

Levels and vault maps discovered:
D:1:      dpeg_arrival_simpleton_a, layout_loops_ring
D:2:      minmay_inner_zag, layout_basic, basic_altar,
          hellmonk_ecumenical_altar_prayer_group, uniq_sigmund

Skill      XL: |  1  2  3 |
---------------+----------+-----
Ranged Weapons | 5 |  5.0
Fighting       | 3 |  3.1
Dodging        | |  1.5
Stealth        | |  1.1

Action                     || total
---------------------------++-------
   Fire: Shortbow          ||   106
    Use: Scroll            ||     5
 Armour: Leather armour    ||    51
  Dodge: Dodged            ||    42

Table legend:
 A = Non-vault XP
 B = Vault XP
 C = Vault XP percentage of total XP
 D = Non-vault monster count
 E = Vault monster count
 F = Vault count percentage of total count
                 A         B        C        D         E       F
            +---------+---------+-------+---------+---------+-------
      Total |      68 |      12 |  15.0 |      25 |       7 |  21.9
            +---------+---------+-------+---------+---------+-------
        D:1 |      51 |       0 |   0.0 |      21 |       0 |   0.0
        D:2 |      17 |      12 |  41.4 |       4 |       7 |  63.6
            +---------+---------+-------+---------+---------+-------
